 Dungeon Crawl Stone Soup version 0.24.0-37-gcf1ca852f1 (webtiles) character file.

Game seed: 12588696020024612792, levelgen mode: deterministic

215946 Nattfarinn the Sharpshooter (level 19, -6/130 HPs)
             Began as a Kobold Hunter on Nov 21, 2019.
             Was the Champion of Okawaru.
             Drowned by a water nymph (12 damage)
             ... on level 4 of the Shoals.
             The game lasted 02:17:56 (43509 turns).

Nattfarinn the Sharpshooter (Kobold Hunter)        Turns: 43509, Time: 02:17:57

Health: -6/130     AC: 50    Str: 20    XL:     19   Next: 77%
Magic:  39/39      EV: 16    Int: 18    God:    Okawaru [******]
Gold:   992        SH:  0    Dex: 24    Spells: 28/33 levels left

rFire    . . .     SeeInvis +   a - +6 arbalest "Quttug" {elec, rC+ Str+2 Stlth+}
rCold    + + .     Gourm    .   (shield currently unavailable)
rNeg     . . .     Faith    .   t - +8 orange crystal plate armour {Archmagi, Int+3 Clar}
rPois    +         Spirit   .   n - +0 helmet of Hafeho {-Tele Str+4 Dex+6}
rElec    .         Reflect  .   K - +1 cloak of Thoughtfulness {+Fly}
rCorr    .         Harm     .   R - +0 pair of gloves of the Hidden Scars {rC+}
MR       ++...     Clarity  +   P - +2 pair of boots of Eternal Vigilance {rPois Dex+4} Stlth ..........NoTele +
                                W - amulet of Vitality {Regen+ HP+15}
HPRegen  0.71/turn              E - ring of Robustness {AC+8}
MPRegen  0.26/turn              Y - ring "Ekodexki" {MR+ MP+9 Dex-2 SInv}

@: invisible, very slow
A: small, carnivore
}: 1/15 runes: gossamer
a: Heroism, Finesse, Renounce Religion, Evoke Flight


You were on level 4 of the Shoals.
You worshipped Okawaru.
Okawaru was exalted by your worship.
You were very full.

You visited 6 branches of the dungeon, and saw 32 of its levels.
You visited the Abyss 1 time.
You also visited: Ice Cave.

You collected 3514 gold pieces.
You spent 2522 gold pieces at shops.

Inventory:

Hand Weapons
 a - the +6 arbalest "Quttug" (weapon) {elec, rC+ Str+2 Stlth+}
   (Okawaru gifted it to you on level 5 of the Lair of Beasts)

   It charges the ammunition it shoots with electricity; occasionally upon a
   hit, such missiles may discharge and cause terrible harm.
   It affects your strength (+2).
   It protects you from cold.
   It makes you more stealthy.
 b - the +6 dagger "Qasiex" {pierce, Int+2 Stlth+}
   (You bought it in a shop on level 13 of the Dungeon)

   It inflicts extra damage upon your enemies.
   It affects your intelligence (+2).
   It makes you more stealthy.
 i - a +9 triple crossbow of flaming
 r - the +1 arbalest of Revolt {venom, rElec rF- rC+}
   (Okawaru gifted it to you on level 13 of the Dungeon)

   It poisons the ammo it fires.
   It makes you vulnerable to fire.
   It protects you from cold.
   It insulates you from electricity.
Missiles
 l - 38 bolts (quivered)
Armour
 n - the +0 helmet of Hafeho (worn) {-Tele Str+4 Dex+6}
   (Okawaru gifted it to you on level 2 of the Lair of Beasts)

   It affects your strength (+4).
   It affects your dexterity (+6).
   It prevents most forms of teleportation.
 t - the +8 orange crystal plate armour (worn) {Archmagi, Int+3 Clar}
   (You found it on level 14 of the Dungeon)

   It affects your intelligence (+3).
   It protects you against confusion.
 D - a +2 pair of boots of running
 K - the +1 cloak of Thoughtfulness (worn) {+Fly}
   (You bought it in a shop on level 13 of the Dungeon)

   It lets you fly.
 P - the +2 pair of boots of Eternal Vigilance (worn) {rPois Dex+4}
   (Okawaru gifted it to you on level 2 of the Spider Nest)

   It affects your dexterity (+4).
   It protects you from poison.
 R - the +0 pair of gloves of the Hidden Scars (worn) {rC+}
   (You acquired it on level 10 of the Dungeon)

   It protects you from cold.
Jewellery
 e - an uncursed ring of protection from fire
 o - an uncursed ring of protection from cold
 B - an uncursed amulet of regeneration
 E - the ring of Robustness (left hand) {AC+8}
   (You found it on level 15 of the Dungeon)

   [ring of protection]

   It affects your AC (+8).
 H - an uncursed amulet of the acrobat
 W - the amulet of Vitality (around neck) {Regen+ HP+15}
   (You bought it in a shop on level 2 of the Orcish Mines)

   [amulet of regeneration]

   It affects your health (+15).
   It increases your rate of regeneration.
 Y - the ring "Ekodexki" (right hand) {MR+ MP+9 Dex-2 SInv}
   (You bought it in a shop on level 2 of the Orcish Mines)

   [ring of see invisible]

   It affects your dexterity (-2).
   It affects your resistance to hostile enchantments.
   It affects your magic capacity (+9).
   It lets you see invisible.
Wands
 d - a wand of acid (9)
 p - a wand of paralysis (24)
 q - a wand of polymorph (37)
 u - a wand of digging (10)
 A - a wand of flame (87)
 L - a wand of random effects (21)
 M - a wand of iceblast (12)
 X - a wand of disintegration (8)
Scrolls
 c - 2 scrolls of brand weapon
 g - 20 scrolls of teleportation
 h - 16 scrolls of remove curse
 k - 7 scrolls of amnesia
 m - 3 scrolls of magic mapping
 v - 4 scrolls of fog
 F - 3 scrolls of enchant armour
 I - 3 scrolls of vulnerability
 N - a scroll of summoning
 O - 4 scrolls of blinking
 S - 4 scrolls of immolation
 U - a scroll of identify
 V - 4 scrolls of fear
Potions
 j - 5 potions of mutation
 s - 2 potions of agility
 w - 5 potions of ambrosia
 x - 2 potions of magic
 y - a potion of lignification
 z - a potion of haste
 C - a potion of cancellation
 J - 3 potions of resistance
 Z - 2 potions of brilliance
Comestibles
 f - 71 rations


   Skills:
 * Level 11.3 Fighting
 - Level 10.0 Short Blades
 + Level 18.9 Crossbows
 - Level 16.3 Armour
 - Level 15.1 Dodging
 - Level 1.3 Stealth
 - Level 7.9 Spellcasting
 - Level 5.5 Necromancy
 - Level 5.4 Earth Magic
 - Level 6.4 Invocations
 - Level 4.7 Evocations


You had 28 spell levels left.
You knew the following spells:

 Your Spells              Type           Power        Failure   Level  Hunger
a - Borgnjor's Vile Clut  Necr/Erth      #####.....   100%        5    #####..

Your spell library contained the following spells:

 Spells                   Type           Power        Failure   Level  Hunger
 Animate Skeleton         Necr           N/A          41%         1    None
 Corpse Rot               Necr           N/A          56%         2    None
 Apportation              Tloc           ##....       99%         1    None
 Beastly Appendage        Tmut           ##....       99%         1    None
 Confusing Touch          Hex            ##....       99%         1    None
 Corona                   Hex            ##.....      99%         1    None
 Summon Small Mammal      Summ           ##..         99%         1    None
 Stone Arrow              Conj/Erth      ####..       99%         3    #......
 Animate Dead             Necr           N/A          99%         4    ###....
 Ensorcelled Hibernation  Hex/Ice        ##....       100%        2    None
 Sticks to Snakes         Tmut           ##......     100%        2    None
 Confuse                  Hex            ##......     100%        3    #......
 Dazzling Spray           Conj/Hex       ##....       100%        3    #......
 Recall                   Summ/Tloc      N/A          100%        3    #......
 Spider Form              Tmut/Pois      ##........   100%        3    #......
 Tukima's Dance           Hex            ##......     100%        3    #......
 Ice Form                 Ice/Tmut       ##......     100%        4    ###....
 Leda's Liquefaction      Hex/Erth       ####......   100%        4    ###....
 Blade Hands              Tmut           ##........   100%        5    #####..
 Irradiate                Conj/Tmut      ##........   100%        5    #####..
 Summon Forest            Summ/Tloc      ##........   100%        5    #####..
 Death Channel            Necr           #####.....   100%        6    ######.
 Hydra Form               Tmut           ##........   100%        6    ######.
 Simulacrum               Ice/Necr       ####......   100%        6    ######.
 Statue Form              Tmut/Erth      ####.....    100%        6    ######.
 Dragon Form              Tmut           ##........   100%        7    #######
 Summon Hydra             Summ           ##........   100%        7    #######


Dungeon Overview and Level Annotations

Branches:
Dungeon (15/15)            Temple (1/1) D:7            Lair (6/6) D:9
 Shoals (4/4) Lair:4       Spider (4/4) Lair:4        Slime (0/5) Lair:5
    Orc (2/2) D:10            Elf (0/3) Orc:2        Vaults (0/5) D:13
 Depths (0/5) D:15          IceCv (visited)

Altars:
Ashenzari
Cheibriados
Dithmenos
Elyvilon
Fedhas
Gozag
Hepliaklqana
Kikubaaqudgha
Makhleb
Nemelex Xobeh
Okawaru
Qazlal
Ru
Sif Muna
Trog
Uskayaw
Vehumet
Wu Jian
Xom
Yredelemnul
Zin
The Shining One
Beogh

Shops:
D:5 %   D:9 :   D:10 *   D:13 =(*   Orc:2 =?=([

Annotations:
D:10 3 runed translucent doors, Arctirus's ghost, journeyman OpWz
Lair:4 exclusion: 4 oklob plants
Spider:1 1 runed translucent door, Epum's ghost, adept OgEE


Innate Abilities, Weirdness & Mutations

You are small and have problems with some larger weapons.
You are carnivorous and can eat meat at any time.


Message History

Quiver which item? (- for none, * to show all) (? for menu, Esc to quit)
Okay, then.
You fade into invisibility!
The harpy claws you but does no damage. x2
The merfolk javelineer throws a javelin.
The javelin pierces through you but does no damage.
The merfolk siren chants a haunting song.
You are unaffected.
The faun points at you and mumbles some strange words.
You resist with almost no effort.
The satyr shoots an arrow.
The arrow hits the water nymph!!
You hear a splash.
The merfolk siren hits you but does no damage.
The faun points at you and mumbles some strange words.
The faun resists with some effort.
The merfolk aquamancer gestures wildly while chanting.
The merfolk aquamancer blinks!
A merfolk avatar comes into view.
The water nymph touches you. The water nymph drowns you!
You die...

...#PP...........
)(..PP.........(.
≈...PP............
.≈................
P.................
P..(##.(Sm≈.......
P#PP≈.(≈mH....≈≈..≈
((.≈≈≈≈≈mm@..≈≈≈≈.≈
...≈..≈cHmc(..≈..m≈
..≈≈.≈m(m§cm......≈
..≈≈...m.cH##..≈≈≈≈≈
.......(........≈≈≈≈≈
.....≈≈(..t.....≈≈≈≈≈≈
.....≈≈((........≈≈≈≈≈
......≈(≈..(m.....≈≈≈≈
≈...≈≈≈≈≈≈(...)..≈≈≈≈≈


You could see an alligator snapping turtle, 2 merfolk avatars, a merfolk
javelineer, a satyr, a sea snake, 2 merfolk aquamancers, 2 merfolk, 3 fauns, a
manticore, 2 merfolk sirens, 2 water nymphs and 2 harpies.

Vanquished Creatures
  Arachne (Spider:3)
  2 krakens
  A storm dragon (D:15)
  Ilsuiw (Shoals:3)
  7 emperor scorpions
  2 orc warlords
  3 ghost moths
  2 very ugly things (IceCv)
  3 entropy weavers
  Nessos (Lair:4)
  5 spark wasps
  Snorg (D:12)
  6 merfolk javelineers
  A yaktaur captain (D:15)
  Josephine (Spider:1)
  2 vault guards (D:13)
  5 merfolk impalers
  7 hydras
  Erolcha (D:10)
  3 centaur warriors (D:15)
  2 merfolk aquamancers
  4 merfolk avatars
  A death knight (D:15)
  A satyr (Shoals:2)
  A queen ant (Lair:3)
  4 two-headed ogres
  2 death yaks
  5 skeletal warriors (D:15)
  A fire crab (shapeshifter) (D:15)
  8 sea snakes
  An unseen horror (D:15)
  3 wizards (D:13)
  A phantasmal warrior (D:14)
  A lindwurm (Lair:5)
  3 orc knights
  13 fauns
  10 deep elf magi
  11 ugly things
  An orc sorcerer (Orc:2)
  5 harpies
  An oklob plant (Lair:6)
  2 wolf spider zombies (D:15)
  31 wolf spiders
  15 orb spiders
  4 elephants (Lair:3)
  16 manticores
  2 moths of wrath
  6 cyclopes
  5 black mambas
  9 merfolk sirens
  5 water nymphs
  5 ice statues (IceCv)
  A torpor snail (Lair:5)
  A gargoyle (D:11)
  17 spiny frogs
  A rime drake (Lair:4)
  A freezing wraith (D:15)
  5 komodo dragons
  15 demonic crawlers
  A yaktaur (D:15)
  An anaconda simulacrum (IceCv)
  35 jumping spiders
  A queen bee (D:12)
  5 trolls
  3 meliai (D:12)
  7 wind drakes
  3 hornets
  3 polar bears
  40 merfolk
  9 tyrant leeches
  A wind drake (shapeshifter) (D:14)
  30 blink frogs
  A blink frog (shapeshifter) (D:15)
  Prince Ribbit (Lair:1)
  5 slime creatures (D:15)
  6 dream sheep (Shoals:1)
  13 hippogriffs
  9 snapping turtles
  2 centaur simulacra (D:13)
  63 redbacks
  29 tarantellas
  3 water elementals
  3 dire elephant simulacra (IceCv)
  55 yaks
  A spriggan (D:7)
  4 wyverns
  4 wraiths (Spider:1)
  Eustachio (D:4)
  4 basilisks
  20 humans (D:13)
  Grum (D:9)
  A hungry ghost (D:11)
  A steam dragon (D:9)
  6 vampire mosquitoes
  2 acid dragons (D:14)
  3 iron troll simulacra (IceCv)
  A harpy simulacrum (IceCv)
  5 soldier ants
  6 wargs
  7 water moccasins
  8 porcupines
  A hydra simulacrum (IceCv)
  38 orc warriors
  A meliai simulacrum (D:13)
  12 ice beasts
  9 sky beasts
  4 black bears
  A phantom (D:11)
  A necrophage (D:7)
  12 ogres
  10 wolves
  An eye of draining (D:14)
  5 centaurs
  19 crocodiles
  2 big kobolds
  33 bullfrogs
  A gnoll sergeant (D:5)
  4 earth elementals
  3 scorpions
  31 killer bees
  8 wights
  3 howler monkeys (D:12)
  6 electric eels
  10 crimson imps
  A centaur zombie (D:5)
  2 wyvern simulacra (D:13)
  2 bullfrog zombies
  32 orc priests
  7 hounds
  5 jellies
  4 bullfrog skeletons
  35 orc wizards
  Jessica (D:3)
  2 iguanas
  32 worker ants
  A killer bee zombie (D:7)
  A bullfrog simulacrum (D:13)
  2 worker ant zombies
  11 gnolls
  14 adders
  2 shadow imps
  A white imp (D:13)
  5 ufetubi (D:13)
  6 oozes
  An adder zombie (D:2)
  An adder skeleton (D:8)
  2 worms
  4 dart slugs
  3 leopard geckos
  138 orcs
  A ball python (D:5)
  6 bats
  8 giant cockroaches
  5 goblins
  7 hobgoblins
  18 jackals
  4 quokkas
  6 frilled lizards
  2 goblin zombies (D:9)
  A jackal skeleton (D:5)
  15 kobolds
  A kobold skeleton (D:9)
  A leopard gecko skeleton (D:7)
  An orc skeleton (D:9)
  A quokka zombie (D:2)
  5 rats
  A spectral orc (D:3)
  A plant (Lair:4)
  3 tentacles (Shoals:2)
1296 creatures vanquished.

Vanquished Creatures (others)
  A spark wasp (Spider:4)
  A demonic crawler (Spider:4)
  A hornet (Spider:4)
  A redback (Spider:3)
  2 wolves (Lair:5)
  8 fungi
  35 plants
  29 tentacles
78 creatures vanquished.

Grand Total: 1374 creatures vanquished

Notes
Turn   | Place    | Note
-------+----------+-------------------------------------------
     0 | D:1      | Nattfarinn the Kobold Hunter began the quest for the Orb.
     0 | D:1      | Reached XP level 1. HP: 12/12 MP: 1/1
    43 | D:1      | Reached skill level 1 in Short Blades
    56 | D:1      | Reached XP level 2. HP: 18/18 MP: 2/2
    94 | D:1      | Reached skill level 5 in Crossbows
   385 | D:1      | Reached XP level 3. HP: 22/22 MP: 3/3
  1257 | D:2      | Reached XP level 4. HP: 6/27 MP: 4/4
  1809 | D:2      | Found a stormy altar of Qazlal.
  1910 | D:2      | Reached XP level 5. HP: 28/32 MP: 5/5
  2109 | D:2      | Found a shadowy altar of Dithmenos.
  2308 | D:3      | Found a white marble altar of Elyvilon.
  2706 | D:3      | Found a glowing golden altar of the Shining One.
  2748 | D:3      | Reached XP level 6. HP: 27/37 MP: 6/6
  2998 | D:3      | Noticed Jessica
  3004 | D:3      | Killed Jessica
  3337 | D:3      | Noticed Grinder
  3355 | D:3      | Noticed Grinder
  3355 | D:3      | Grinder changed into Grinder the crimson imp
  3363 | D:3      | Killed Grinder the crimson imp
  3449 | D:3      | Found a basalt altar of Yredelemnul.
  3687 | D:4      | Noticed an ogre
  3699 | D:4      | Killed an ogre
  3699 | D:4      | Reached skill level 5 in Short Blades
  3699 | D:4      | Reached skill level 6 in Crossbows
  3699 | D:4      | Reached XP level 7. HP: 42/42 MP: 7/7
  3750 | D:4      | Noticed Eustachio
  3771 | D:4      | Killed Eustachio
  4130 | D:4      | Found a bloodstained altar of Trog.
  4206 | D:4      | Found a shimmering altar of Xom.
  4219 | D:4      | Found a burning altar of Makhleb.
  4359 | D:5      | Entered Level 5 of the Dungeon
  4755 | D:5      | Reached skill level 5 in Dodging
  4945 | D:5      | Reached XP level 8. HP: 23/48 MP: 8/8
  6047 | D:5      | Found a hazy altar of Hepliaklqana.
  6194 | D:5      | Reached skill level 5 in Fighting
  6194 | D:5      | Reached skill level 7 in Crossbows
  6207 | D:5      | Found Beadeall's Food Shop.
  6856 | D:6      | Reached XP level 9. HP: 34/54 MP: 9/9
  7277 | D:7      | Reached skill level 8 in Crossbows
  7405 | D:7      | Reached skill level 10 in Short Blades
  7561 | D:7      | Found a staircase to the Ecumenical Temple.
  7663 | Temple   | Entered the Ecumenical Temple
  7931 | D:7      | Reached XP level 10. HP: 56/61 MP: 10/10
  8360 | D:7      | Reached skill level 9 in Crossbows
  8360 | D:7      | Reached skill level 1 in Armour
  8661 | D:8      | Found a snail-covered altar of Cheibriados.
  8774 | D:8      | Found a hide-covered altar of Uskayaw.
  9216 | D:9      | Found a glowing golden altar of the Shining One.
  9622 | D:8      | Reached skill level 10 in Crossbows
  9744 | D:9      | Reached XP level 11. HP: 41/67 MP: 11/11
  9841 | D:9      | Noticed Grum
 10085 | D:8      | Reached skill level 5 in Armour
 10207 | D:9      | Found Kaniun's Book Emporium.
 10651 | D:9      | Found an iron altar of Okawaru.
 10674 | D:9      | Became a worshipper of Warmaster Okawaru
 10810 | D:9      | Found a sacrificial altar of Ru.
 11393 | D:9      | Reached skill level 10 in Dodging
 11406 | D:9      | Found a staircase to the Lair.
 11434 | D:9      | Reached * piety under Okawaru
 11799 | D:9      | Killed Grum
 11876 | D:10     | Entered Level 10 of the Dungeon
 12129 | D:9      | Reached ** piety under Okawaru
 12129 | D:9      | Reached skill level 11 in Crossbows
 12261 | D:10     | Identified 3 scrolls of acquirement
 12270 | D:10     | Got a pair of ichor-stained gloves
 12281 | D:10     | Identified the +0 pair of gloves of the Hidden Scars {rC+}
                  | (You acquired it on level 10 of the Dungeon)
 12286 | D:10     | Identified a +2 pair of boots of running (You acquired it
                  | on level 10 of the Dungeon)
 12315 | D:10     | Noticed Erolcha
 12408 | D:10     | Cast into level 2 of the Abyss (Erolcha)
 12456 | Abyss:2  | Noticed a wretched star
 12475 | D:10     | Escaped the Abyss
 12489 | D:10     | Killed Erolcha
 12660 | D:10     | Found a runed translucent gate.
 12660 | D:10     | Found a runed translucent gate.
 12660 | D:10     | Found a runed translucent gate.
 12664 | D:10     | Noticed Arctirus's ghost (journeyman OpWz)
 12813 | D:10     | Found a staircase to the Orcish Mines.
 12893 | D:10     | Reached *** piety under Okawaru
 13238 | D:10     | Noticed a two-headed ogre
 13284 | D:10     | Killed a two-headed ogre
 13284 | D:10     | Reached XP level 12. HP: 66/72 MP: 12/12
 13495 | D:10     | Found Lawerustrydd's Luxury Loot.
 14288 | D:10     | Reached **** piety under Okawaru
 14668 | D:11     | Noticed an eight-headed hydra
 14704 | D:11     | Killed an eight-headed hydra
 14891 | D:11     | Reached skill level 12 in Crossbows
 14958 | D:11     | Noticed a two-headed ogre
 15039 | D:11     | Killed a two-headed ogre
 15039 | D:11     | Reached ***** piety under Okawaru
 15769 | D:12     | Noticed a seven-headed hydra
 16118 | Lair:1   | Entered Level 1 of the Lair of Beasts
 16609 | Lair:1   | Reached XP level 13. HP: 48/76 MP: 13/13
 16796 | Lair:2   | Noticed Prince Ribbit
 16886 | Lair:1   | Killed Prince Ribbit
 16886 | Lair:1   | Received a gift from Okawaru
 17283 | Lair:1   | Received a gift from Okawaru
 17283 | Lair:1   | Reached skill level 10 in Armour
 17372 | Lair:2   | Reached skill level 13 in Crossbows
 17577 | Lair:2   | Noticed a five-headed hydra
 17580 | Lair:2   | Noticed a six-headed hydra
 17581 | Lair:2   | Killed a five-headed hydra
 18389 | Lair:2   | Reached ****** piety under Okawaru
 18421 | Lair:2   | Received a gift from Okawaru
 18422 | Lair:2   | Got an ancient helmet {god gift}
 18433 | Lair:2   | Identified the +0 helmet of Hafeho {-Tele Str+4 Dex+6}
                  | (Okawaru gifted it to you on level 2 of the Lair of Beasts)
 18488 | Lair:2   | Killed a six-headed hydra
 18921 | Lair:3   | Reached skill level 14 in Crossbows
 19259 | Lair:3   | Found a sacrificial altar of Ru.
 19984 | Lair:4   | Found a hole to the Spider Nest.
 20105 | Lair:4   | Found the +2 pair of boots of the Assassin {Detection Stab+
                  | Stlth++}
 20113 | Lair:4   | Noticed Nessos
 20121 | Lair:4   | Killed Nessos
 20121 | Lair:4   | Reached XP level 14. HP: 82/82 MP: 14/14
 20186 | Lair:4   | Found a basalt altar of Yredelemnul.
 20425 | Lair:4   | Reached skill level 15 in Crossbows
 20519 | Lair:4   | Found a staircase to the Shoals.
 20787 | Lair:5   | Received a gift from Okawaru
 21604 | Lair:5   | Found a staircase to the Slime Pits.
 21794 | Lair:5   | Reached skill level 16 in Crossbows
 21992 | Lair:6   | Entered Level 6 of the Lair of Beasts
 22600 | Lair:5   | Received a gift from Okawaru
 22652 | Lair:5   | Got a warped arbalest {god gift}
 22653 | Lair:5   | Identified the +6 arbalest "Quttug" {elec, rC+ Str+2
                  | Stlth+} (Okawaru gifted it to you on level 5 of the Lair of
                  | Beasts)
 23246 | Lair:5   | Reached skill level 17 in Crossbows
 23721 | Lair:6   | Reached skill level 15 in Dodging
 23761 | Lair:6   | Received a gift from Okawaru
 23761 | Lair:6   | Reached XP level 15. HP: 79/86 MP: 15/15
 24160 | Lair:6   | Received a gift from Okawaru
 24232 | Lair:6   | Learned a level 5 spell: Borgnjor's Vile Clutch
 24388 | Orc:1    | Entered Level 1 of the Orcish Mines
 24686 | D:10     | Reached skill level 1 in Spellcasting
 24981 | Orc:1    | Reached skill level 1 in Necromancy
 24981 | Orc:1    | Reached skill level 1 in Earth Magic
 25207 | Orc:2    | Entered Level 2 of the Orcish Mines
 25207 | Orc:2    | Found Doycukasm's Jewellery Boutique.
 25207 | Orc:2    | Noticed an orc warlord
 25294 | D:10     | Killed an orc warlord
 25416 | Orc:2    | Found a roughly hewn altar of Beogh.
 25535 | Orc:2    | Found a roughly hewn altar of Beogh.
 25586 | Orc:2    | Bought the amulet of Vitality {Regen+ HP+15} for 1106 gold
                  | pieces
 25586 | Orc:2    | Found the amulet of Vitality {Regen+ HP+15}
 25631 | Orc:2    | Paralysed by an orc sorcerer for 7 turns
 26139 | Orc:2    | Found a roughly hewn altar of Beogh.
 26154 | Orc:2    | Found Wyghau's Magic Scroll Shop.
 26164 | Orc:2    | Bought a scroll of identify for 26 gold pieces
 26164 | Orc:2    | Bought 3 scrolls of teleportation for 117 gold pieces
 26164 | Orc:2    | Bought a scroll of blinking for 97 gold pieces
 26164 | Orc:2    | Bought a scroll of identify for 26 gold pieces
 26233 | Orc:2    | Found a roughly hewn altar of Beogh.
 26270 | Orc:2    | Found a staircase to the Elven Halls.
 26411 | Orc:2    | Found a roughly hewn altar of Beogh.
 26425 | Orc:2    | Found Xiphubb's Jewellery Shop.
 26439 | Orc:2    | Bought the ring "Ekodexki" {MR+ MP+9 Dex-2 SInv} for 634
                  | gold pieces
 26476 | Orc:2    | Found a roughly hewn altar of Beogh.
 26581 | Orc:2    | Noticed an orc warlord
 26820 | Orc:1    | Killed an orc warlord
 26820 | Orc:1    | Received a gift from Okawaru
 27028 | Orc:2    | Found Visiaserr's Antique Armour Emporium.
 27028 | Orc:2    | Found a roughly hewn altar of Beogh.
 27093 | Orc:2    | Found Loqoekk's Antique Weapon Shoppe.
 28523 | D:12     | Reached skill level 18 in Crossbows
 28694 | D:12     | Noticed Snorg
 28702 | D:12     | Killed Snorg
 28702 | D:12     | Reached skill level 5 in Spellcasting
 29026 | D:13     | Found Fauhiofu's Antique Weapon Shoppe.
 29052 | D:13     | Bought a brightly glowing dagger for 203 gold pieces
 29052 | D:13     | Identified the +6 dagger "Qasiex" {pierce, Int+2 Stlth+}
                  | (You bought it in a shop on level 13 of the Dungeon)
 29076 | D:13     | Found Iveagiops's Jewellery Shoppe.
 29193 | D:13     | Got a brightly glowing scale mail
 29209 | D:13     | Identified the cursed +1 scale mail "Vois" {rF- Str+6} (You
                  | found it on level 13 of the Dungeon)
 29405 | D:13     | Found Kops's Assorted Antiques.
 29415 | D:13     | Bought a brightly glowing cloak for 313 gold pieces
 29425 | D:13     | Identified the +1 cloak of Thoughtfulness {+Fly} (You
                  | bought it in a shop on level 13 of the Dungeon)
 30061 | D:13     | Received a gift from Okawaru
 30067 | D:13     | Reached XP level 16. HP: 91/92 MP: 26/26
 30100 | D:13     | Got a crystal arbalest {god gift}
 30101 | D:13     | Identified the +1 arbalest of Revolt {venom, rElec rF- rC+}
                  | (Okawaru gifted it to you on level 13 of the Dungeon)
 30131 | D:13     | Found a gate to the Vaults.
 30161 | D:13     | Reached skill level 5 in Necromancy
 30163 | D:13     | Reached skill level 5 in Earth Magic
 30414 | D:14     | Found a hide-covered altar of Uskayaw.
 30588 | D:14     | Found the +8 orange crystal plate armour {Archmagi, Int+3
                  | Clar}
 31271 | D:15     | Entered Level 15 of the Dungeon
 31278 | D:15     | Found the ring of Robustness {AC+8}
 31278 | D:15     | Noticed a storm dragon
 31606 | D:15     | Reached skill level 1 in Invocations
 31615 | D:15     | Reached skill level 1 in Evocations
 31623 | D:15     | Received a gift from Okawaru
 31941 | D:15     | Killed a storm dragon
 31941 | D:15     | Reached skill level 5 in Invocations
 32210 | D:15     | Found a staircase to the Depths.
 33182 | Spider:1 | Entered Level 1 of the Spider Nest
 33570 | Spider:1 | Found a runed translucent door.
 33571 | Spider:1 | Found a shimmering altar of Xom.
 33571 | Spider:1 | Noticed Epum's ghost (adept OgEE)
 34066 | Spider:1 | Noticed Josephine
 34082 | Spider:1 | Killed Josephine
 34272 | Spider:1 | Received a gift from Okawaru
 34341 | Spider:1 | Reached XP level 17. HP: 96/96 MP: 28/28
 34693 | Spider:2 | Received a gift from Okawaru
 34694 | Spider:2 | Got a pair of smoking boots {god gift}
 34707 | Spider:1 | Identified the +2 pair of boots of Eternal Vigilance {rPois
                  | Dex+4} (Okawaru gifted it to you on level 2 of the Spider
                  | Nest)
 36632 | Spider:3 | Received a gift from Okawaru
 37023 | Spider:4 | Entered Level 4 of the Spider Nest
 37123 | Spider:4 | Noticed Arachne
 37157 | Spider:3 | Killed Arachne
 37157 | Spider:3 | Received a gift from Okawaru
 37565 | Spider:4 | Received a gift from Okawaru
 37565 | Spider:4 | Reached XP level 18. HP: 101/101 MP: 29/29
 38512 | Spider:4 | Received a gift from Okawaru
 38673 | Spider:4 | Reached skill level 15 in Armour
 38909 | Spider:3 | Received a gift from Okawaru
 39114 | Spider:4 | Received a gift from Okawaru
 39252 | Spider:4 | Got a gossamer rune of Zot
 39577 | Shoals:1 | Entered Level 1 of the Shoals
 39820 | Shoals:1 | Found a frozen archway.
 39834 | IceCv    | Entered an ice cave
 39885 | IceCv    | Received a gift from Okawaru
 40538 | Shoals:1 | Received a gift from Okawaru
 40584 | Shoals:1 | Noticed a kraken
 40669 | Shoals:1 | Killed a kraken
 40923 | Shoals:1 | Received a gift from Okawaru
 41121 | Shoals:2 | Reached XP level 19. HP: 105/105 MP: 30/30
 41214 | Shoals:2 | Received a gift from Okawaru
 41253 | Shoals:2 | Found a glowing silver altar of Zin.
 41538 | Shoals:2 | Received a gift from Okawaru
 42510 | Shoals:3 | Reached skill level 10 in Fighting
 42600 | Shoals:3 | Received a gift from Okawaru
 42909 | Shoals:3 | Received a gift from Okawaru
 43053 | Shoals:3 | Noticed Ilsuiw
 43062 | Shoals:3 | Killed Ilsuiw
 43281 | Shoals:4 | Entered Level 4 of the Shoals
 43508 | Shoals:4 | HP: 5/130 [water nymph/the raging water (37)]
 43509 | Shoals:4 | Drowned by a water nymph

Levels and vault maps discovered:
D:1:      evilmike_arrival_run_for_it, layout_rooms, serial_forest,
          infiniplex_forest_clump_diagonal, infiniplex_forest_end_2,
          infiniplex_forest_end_2, infiniplex_forest_end_2,
          infiniplex_forest_end_double, infiniplex_forest_end_double,
          infiniplex_forest_clump_double
D:2:      layout_loops_ring, nicolae_qazlal_eye_of_the_storm,
          overflow_temple_1_default, skrybe_limestone_x, minmay_liquid_box,
          minmay_between
D:3:      layout_basic, elyvilon_altar_5, yredelemnul_forgotten_temple_becter,
          nicolae_overflow_crystal_walls, first_ration, hangedman_glass_teeth,
          uniq_grinder, uniq_jessica
D:4:      layout_loops_ring, grunt_temple_overflow_champion_of_chaos,
          lightli_temple_of_fire, hangedman_decor_diamond_cutter, uniq_eustachio
D:5:      layout_gridville, kennysheep_mini_moat, serial_shops, shop_statue,
          guppyfry_early_orc_mine
D:6:      layout_basic
D:7:      layout_loops_ring, minmay_temple_entry_mist, the_bakery
D:8:      layout_loops_ring, eat_drink_and_be_merry_uskayaw,
          cheibriados_altar_1, minmay_circle_x
D:9:      layout_long_grid, kennysheep_mini, lemuel_coloured_pillars_altar,
          erik_lair_dragon, serial_shops, shop, nicolae_tso_besieged_by_evil,
          uniq_grum
D:10:     layout_basic, minmay_orc_entry_guard_dogs,
          gammafunk_ghost_nasty_kobolds, special_room [special_room_orc],
          nicolae_alphabet_shops, grunt_ministairs_10, uniq_erolcha
D:11:     layout_stronghold
D:12:     layout_roguey [special_room_bee], uniq_snorg
D:13:     layout_rooms, grunt_vaults_entry_tiered, serial_ice, serial_ice_h,
          serial_ice_l, serial_ice_g, serial_ice_b, serial_ice_c, serial_ice_o,
          serial_ice_e, serial_ice_m, serial_ice_a, serial_ice_d, serial_shops,
          nicolae_shop_competitors_out_of_business, shop_statue,
          nicolae_shop_overgrown_old_shop, chequers_serial_rivers_micro_d,
          elves_outpost_lemuel
D:14:     layout_irregular_city, basic_altar, minmay_stone_trees_small
D:15:     grunt_enter_depths_snipers, layout_cave_pods, minmay_radiant
Temple:   jpeg_temple_island
Lair:1:   layout_long_grid
Lair:2:   layout_cave_pods, chequers_serial_rivers_micro_d,
          nicolae_quartered_pool_little, grunt_megastairs_5, uniq_prince_ribbit2
Lair:3:   layout_cave_pods, basic_altar, minmay_another_anthill,
          infiniplex_staircase_pool
Lair:4:   layout_concentric_octagons, minmay_shoals_entry_hut,
          dummy_spider_entry, basic_altar, minmay_holes,
          minmay_lair_oklob_chamber, lemuel_fruit_fields, uniq_nessos
Lair:5:   layout_long_grid, nicolae_slime_entry_slimehenge
Lair:6:   minmay_lair_end_frog_pond, layout_big_grid
Shoals:1: layout_shoals, portal_ice_cave_entry_pillars_three
Shoals:2: layout_shoals, wheals_shoals_ruined_temple
Shoals:3: layout_shoals, uniq_ilsuiw
Shoals:4: shoals_end_grunt_garden, layout_shoals, uniq_bai_suzhen
Spider:1: layout_spider_delve, ebering_ghost_xom, uniq_josephine
Spider:2: layout_spider_delve, hangedman_stitches_earthworm
Spider:3: layout_spider_delve
Spider:4: grunt_spider_rune_circles, nicolae_spider_webbed_stairs, uniq_arachne
Orc:1:    layout_diamond_mine
Orc:2:    grunt_orc_community_town_hall, layout_caves,
          grunt_orc_community_big_house_2, grunt_orc_community_big_house_1,
          grunt_orc_community_house_3, grunt_orc_community_house_3,
          grunt_orc_community_house_1, grunt_orc_community_house_2,
          grunt_orc_community_house_3, grunt_orc_community_house_2,
          serial_shops, shop_statue

Skill      XL: |  1  2  3  4  5  6  7  8  9 10 11 12 13 14 15 16 17 18 19 |
---------------+----------------------------------------------------------+-----
Short Blades   | 1 2 3 4 5 6 8 10 | 10.0
Crossbows      | 5 6 7 8 10 11 12 14 17 18 | 18.9
Dodging        | 3 4 5 6 7 9 10 12 13 15 | 15.1
Fighting       | 3 4 5 6 7 11 | 11.3
Armour         | 4 7 9 10 11 14 16 | 16.3
Spellcasting   | 6 7 |  7.9
Necromancy     | 4 5 |  5.5
Earth Magic    | 4 5 |  5.4
Invocations    | 6 |  6.4
Evocations     | 4 |  4.7
Stealth        | |  1.3

Action                   |  1- 3 |  4- 6 |  7- 9 | 10-12 | 13-15 | 16-18 | 19-21 || total
-------------------------+-------+-------+-------+-------+-------+-------+-------++-------
Melee: Short sword       |   135 |    62 |       |       |       |       |       ||   197
       Dagger            |       |    56 |   300 |  1157 |  1710 |   175 |       ||  3398
       Hand crossbow     |       |       |     2 |       |       |       |       ||     2
       Rapier            |       |       |       |       |    60 |       |       ||    60
 Fire: Hand crossbow     |     5 |    48 |    79 |       |       |       |       ||   132
       Arbalest          |       |       |    18 |    73 |   430 |  1485 |   505 ||  2511
       Triple crossbow   |       |       |       |    52 |   136 |       |       ||   188
Invok: Heroism           |       |       |       |       |       |     1 |       ||     1
       Finesse           |       |       |       |       |       |     1 |       ||     1
Evoke: Wand              |       |     2 |       |    11 |    12 |       |     5 ||    30
  Use: Potion            |     1 |     5 |     1 |     5 |     4 |     9 |     2 ||    27
       Scroll            |       |       |    16 |     9 |    18 |    11 |     2 ||    56
 Stab: Sleeping          |     1 |     4 |     2 |     3 |     6 |       |       ||    16
       Distracted        |       |       |     1 |       |     1 |       |       ||     2
       Paralysed         |       |       |       |     4 |     2 |       |       ||     6
  Eat: Chunk             |    10 |     7 |    14 |    32 |    41 |    33 |     7 ||   144
Armor: Leather armour    |    26 |    22 |    23 |     1 |       |       |       ||    72
       Chain mail        |       |       |       |   134 |       |       |       ||   134
       Steam dragon scal |       |       |       |    85 |   274 |       |       ||   359
       Scale mail        |       |       |       |       |    32 |    12 |       ||    44
       Troll leather arm |       |       |       |       |    17 |       |       ||    17
       Crystal plate arm |       |       |       |       |       |  1178 |   398 ||  1576
Dodge: Dodged            |   135 |    92 |   216 |   646 |  2170 |  1089 |   361 ||  4709
